 Dungeon Crawl Stone Soup version 0.29-a0-789-g7a8fcbc185 (webtiles) character file.

Game seed: 15618278767089121976

70 kevlar127 the Ruffian (level 4, -4/45 HPs)
             Began as a Troll Berserker on July 3, 2022.
             Was a Follower of Trog.
             Slain by an ogre
             ... wielding a +0 giant club
              (20 damage)
             ... on level 3 of the Dungeon.
             The game lasted 00:02:51 (1651 turns).

kevlar127 the Ruffian (Troll Berserker)             Turns: 1651, Time: 00:02:52

Health: -4/45      AC:  4    Str: 27    XL:     4   Next: 3%
Magic:  3/3        EV: 10    Int:  3    God:    Trog [*.....]
Gold:   50         SH:  0    Dex:  9    Spells: 3/3 levels left

rFire   . . .      SeeInvis .     - Unarmed
rCold   . . .      Faith    .   (no shield)
rNeg    . . .      Spirit   .   a - +0 animal skin
rPois   .          Reflect  .   (helmet restricted)
rElec   .          Harm     .   (no cloak)
rCorr   .          Rampage  .   (gloves unavailable)
Will    .....                   (boots unavailable)
Stlth   +.........              (no amulet)
HPRegen 0.95/turn               (no ring)
MPRegen 0.08/turn               (no ring)

@: no status effects
A: large, unfitting armour, claws 3, regeneration 1, shaggy fur 1, tough skin 1
a: Renounce Religion, Berserk


You were on level 3 of the Dungeon.
You worshipped Trog.
Trog was aware of your devotion.
You visited 1 branch of the dungeon, and saw 3 of its levels.

You collected 50 gold pieces.

Inventory:

Armour
 a - a +0 animal skin (worn)
Scrolls
 b - a scroll of identify {unknown}
 c - a scroll of enchant armour {unknown}
 f - 4 scrolls of amnesia {unknown}
 g - a scroll of enchant weapon {unknown}
Potions
 d - a potion of might {unknown}
 e - a potion of cancellation {unknown}
 h - a potion of magic {unknown}


   Skills:
 + Level 3.0 Fighting
 + Level 3.0 Dodging
 + Level 3.7 Unarmed Combat


You had 3 spell levels left.
You didn't know any spells.
Your spell library was empty.

Dungeon Overview and Level Annotations

Branches:
Dungeon (3/15)

Altars:
Sif Muna

Shops:
D:1 [!:[


Innate Abilities, Weirdness & Mutations

You are too large for most types of armour.
You have claws for hands.
Your natural rate of healing is unusually fast.
You are covered in fur. (AC +1)
You have tough skin. (AC +1)


Message History

The ogre is heavily wounded.
The ogre hits you with a +0 giant club!!
Ouch! That really hurt!
You are too injured to fight recklessly!
You are too injured to fight recklessly!
You are too injured to fight recklessly!
You are too injured to fight recklessly!
You are too injured to fight recklessly!
You are too injured to fight recklessly!
You are too injured to fight recklessly!
You are too injured to fight recklessly!
You are too injured to fight recklessly!
You are too injured to fight recklessly!
You are too injured to fight recklessly!
You are too injured to fight recklessly!
You are too injured to fight recklessly!
You are too injured to fight recklessly!
You are too injured to fight recklessly!
You are too injured to fight recklessly!
You are too injured to fight recklessly!
You are too injured to fight recklessly!
You are too injured to fight recklessly!
You are too injured to fight recklessly!
You are too injured to fight recklessly!
You are too injured to fight recklessly!
You are too injured to fight recklessly!
You are too injured to fight recklessly!
You are too injured to fight recklessly!
You are too injured to fight recklessly!
You are too injured to fight recklessly!
You are too injured to fight recklessly!
You are too injured to fight recklessly!
You are too injured to fight recklessly!
You are too injured to fight recklessly!
You are too injured to fight recklessly!
You are too injured to fight recklessly!
Okay, then.
You fail to use your ability.
The ogre hits you with a +0 giant club!!
You die...

####.####......
#...............
#..............r
#...............
#............>..
#...$........:..
#...............
#...O@..........
####.###<.......
#. ##....... #.
..##### ## ###


You could see an ogre.

Vanquished Creatures
  3 adders (D:2)
  2 dart slugs (D:1)
  4 bats
  An endoplasm (D:2)
  4 giant cockroaches
  5 goblins
  4 hobgoblins
  7 kobolds
  A ball python (D:2)
  A frilled lizard (D:1)
  4 rats
36 creatures vanquished.

Notes
Turn   | Place    | Note
-------+----------+-------------------------------------------
     0 | D:1      | kevlar127 the Troll Berserker began the quest for the Orb.
     0 | D:1      | Reached XP level 1. HP: 22/22 MP: 0/0
    14 | D:1      | Found Siwoecoe's Book Shoppe.
    33 | D:1      | Found Usiokkef's Armour Shoppe.
   175 | D:1      | Found Qad Ysyom's Armour Shoppe.
   207 | D:1      | Reached XP level 2. HP: 29/29 MP: 1/1
   357 | D:1      | Found Zagicw's Distillery.
   936 | D:2      | Found a shimmering blue altar of Sif Muna.
   941 | D:2      | Reached XP level 3. HP: 36/36 MP: 2/2
  1499 | D:2      | Reached XP level 4. HP: 45/45 MP: 3/3
  1563 | D:2      | Identified the +6 sling of Compound Interest {venom, Str+4}
  1643 | D:3      | Noticed an ogre
  1651 | D:3      | Slain by an ogre

Illustrated notes

Levels and vault maps discovered:
D:1:      saegor_arrival_simple_a, layout_basic, serial_shops,
          nicolae_diamond_shop, shop, nicolae_diamond_shop,
          nicolae_shop_hallway_stairs, lemuel_another_geyser
D:2:      layout_rooms, basic_altar
D:3:      layout_basic, mainiacjoe_overflow_surrounded_room,
          hellmonk_ecumenical_altar_run_dry, uniq_jessica,
          uniq_crazy_yiuf_cottage, uniq_robin

Skill      XL: |  1  2  3 |
---------------+----------+-----
Fighting       | 3 |  3.0
Dodging        | 3 |  3.0
Unarmed Combat | |  3.7

Action                   |  1- 3 |  4- 6 || total
-------------------------+-------+-------++-------
Melee: Unarmed           |    85 |     5 ||    90
       Punch             |     4 |       ||     4
Armor: Animal skin       |    27 |     1 ||    28
Dodge: Dodged            |    47 |     1 ||    48

Table legend: (Time is in decaauts)
 A = Elapsed time spent in this place.
 B = Non-inter-level travel time spent in this place.
 C = Inter-level travel time spent in this place.
 D = Time resting spent in this place.
 E = Time spent auto-exploring this place.
 F = Levels seen in this place.
 G = Mean time per level.
                   A        B        C        D        E       F      G
               +--------+--------+--------+--------+--------+-----+--------+
         Total |   1644 |   1483 |    161 |    322 |    952 |   3 |  548.0 |
       Dungeon |   1644 |   1483 |    161 |    322 |    952 |   3 |  548.0 |
               +--------+--------+--------+--------+--------+-----+--------+

Top non-repeatable levels by time:
     D:1: 930 daAuts
     D:2: 706 daAuts
     D:3: 7 daAuts
